 Dungeon Crawl Stone Soup version 0.17.0-24-gcfadda4 (webtiles) character file.

168 TruthSerum the Ruffian (level 5, -2/53 HPs)
             Began as a Troll Monk on Nov 15, 2015.
             Killed by nerve-wracking pain
             ... invoked by Grinder
              (6 damage)
             ... while paralysed by Grinder
             ... on level 3 of the Dungeon.
             The game lasted 00:09:06 (2049 turns).

TruthSerum the Ruffian (Troll Monk)                 Turns: 2049, Time: 00:09:06

Health: -2/53      AC:  6    Str: 19    XL:     5   Next: 23%
Magic:  4/4        EV:  1    Int:  6    God:
Gold:   68         SH:  0    Dex: 13    Spells: 0 memorised, 4 levels left

rFire  . . .     SeeInvis .       - Unarmed
rCold  . . .     Clarity  .     a - +1 robe
rNeg   . . .     SustAt   .     (no shield)
rPois  .         Gourm    +     (helmet restricted)
rElec  .         Spirit   .     (no cloak)
rCorr  .         Warding  .     (gloves unavailable)
rMut   .         Stasis   .     (boots unavailable)
MR     .....                    (no amulet)
Stlth  +.........               (no ring)
                                (no ring)

@: paralysed, lethally poisoned (-2 -> -2), very slightly contaminated, hasted,
not resistant to hostile enchantments, very unstealthy
A: unfitting armour, claws 3, fast metabolism 3, gourmand, regeneration 2,
shaggy fur 1, tough skin 2
a: no special abilities


You were on level 3 of the Dungeon.
You were completely stuffed.

You visited 1 branch of the dungeon, and saw 3 of its levels.

You collected 68 gold pieces.

Inventory:

Armour
 a - a +1 robe (worn)
Wands
 l - a wand of teleportation (5)
Scrolls
 c - a scroll of magic mapping
 j - a scroll of teleportation {unknown}
 k - a scroll of recharging
 r - 2 scrolls of remove curse
 s - a scroll of identify {unknown}
Potions
 e - a potion of degeneration {unknown}
 g - 2 potions of magic {unknown}
 i - 3 potions of curing {unknown}
 m - a potion of lignification {unknown}
 p - a potion of poison {unknown}
 q - a potion of cure mutation {unknown}
Comestibles
 b - 3 bread rations
 f - 2 slices of pizza
 h - 2 meat rations
 o - 2 beef jerkies
 t - 6 chunks of flesh


   Skills:
 + Level 3.4 Fighting
 + Level 3.5 Dodging
 - Level 1.1 Stealth
 + Level 4.8 Unarmed Combat


You had 4 spell levels left.
You didn't know any spells.

Dungeon Overview and Level Annotations

Branches:
Dungeon (3/15)

Altars:

Annotations:
D:3 Grinder


Innate Abilities, Weirdness & Mutations

You are too large for most types of armour.
You have claws for hands.
Your metabolism is lightning-fast.
You like to eat raw meat.
You heal very quickly.
You are covered in fur (AC +1).
You have very tough skin (AC +2).


Message History

You completely miss Grinder.
Grinder is moderately wounded.
You feel sick. Grinder misses you.
You claw Grinder!
Grinder is heavily wounded.
Grinder barely misses you.
You closely miss Grinder.
Grinder is heavily wounded.
You closely miss Grinder.
Grinder is heavily wounded.
You feel sick. Grinder gestures at you.
You suddenly lose the ability to move!
Grinder hits you but does no damage. x2
You feel sick. Grinder gestures at you.
You shrug off the repeated paralysis!
Grinder gestures at you. Pain shoots through your body!
You die...

######## ##......##
##........##
#..........#
#.........[###
#...@5.......
#...†......##
#(.........#
##.........#
#..........#
#..........#
#..........# .. .
#..........##...##.##
#....................


You could see Grinder.

Vanquished Creatures
  Jessica (D:2)
  Natasha (thrice) (D:2)
  Robin (D:2)
  3 adders
  An ooze (D:1)
  A worm (D:3)
  A giant gecko (D:1)
  6 bats
  6 hobgoblins
  4 kobolds
  2 quokkas
  4 giant cockroaches
  2 giant newts (D:1)
  16 goblins
  6 jackals
  8 rats
65 creatures vanquished.

Notes
Turn   | Place    | Note
--------------------------------------------------------------
     0 | D:1      | TruthSerum the Troll Monk began the quest for the Orb.
     0 | D:1      | Reached XP level 1. HP: 22/22 MP: 0/0
   224 | D:1      | Reached XP level 2. HP: 29/29 MP: 1/1
   809 | D:2      | Noticed Jessica
   816 | D:2      | Killed Jessica
   816 | D:2      | Reached XP level 3. HP: 17/37 MP: 2/2
  1081 | D:2      | Upgraded the game from 0.17.0-23-g0de4337 to 0.17.0-24-gcfadda4
  1084 | D:2      | Noticed Natasha
  1089 | D:2      | Reached XP level 4. HP: 40/45 MP: 3/3
  1114 | D:2      | Killed Natasha
  1117 | D:2      | Noticed Robin
  1140 | D:2      | Killed Robin
  1388 | D:2      | Noticed Natasha
  1430 | D:2      | Killed Natasha
  1430 | D:2      | Reached XP level 5. HP: 47/53 MP: 4/4
  1890 | D:2      | Noticed Natasha
  1899 | D:2      | Killed Natasha
  2000 | D:3      | Noticed Grinder
  2003 | D:3      | Paralysed by Grinder for 4 turns
  2022 | D:3      | Paralysed by Grinder for 7 turns
  2045 | D:3      | Paralysed by Grinder for 4 turns
  2049 | D:3      | Killed from afar by Grinder

Action                   |  1- 3 |  4- 6 || total
-------------------------+-------+-------++-------
Melee: Unarmed           |    68 |    88 ||   156
  Use: Scroll            |       |     7 ||     7
       Potion            |       |     2 ||     2
 Stab: Sleeping          |     2 |     2 ||     4
  Eat: Chunk             |    15 |     9 ||    24
